 Dungeon Crawl Stone Soup version 0.31-a0-1227-g0136665373 (webtiles) character file.

Game seed: 9382162849357446864

737 gelatine the Chopper (level 7, -9/54 HPs)
             Began as a Demonspawn Fighter on Dec 15, 2023.
             Mangled by an orc warrior
             ... wielding a +0 glaive
              (16 damage)
             ... on level 5 of the Dungeon.
             The game lasted 00:08:07 (3896 turns).

gelatine the Chopper (Demonspawn Fighter)           Turns: 3896, Time: 00:08:08

Health: -9/54      AC: 12    Str: 19    XL:     7   Next: 46%
Magic:  7/7        EV: 10    Int:  8    God:
Gold:   225        SH:  4    Dex: 12    Spells: 6/6 levels left

rFire   . . .        a - +0 war axe
rCold   . . .        c - +0 buckler
rNeg    . . .        b - +0 scale mail
rPois   .            (no helmet)
rElec   .            (no cloak)
rCorr   .            j - +1 pair of gloves
SInv    .            (no boots)
Will    .....        (no amulet) Stlth
                     (no ring)
HPRegen 0.29/turn    (no ring)
MPRegen 0.10/turn

%: no passive effects
@: no status effects
A: claws 2, molten scales 2, powered by death 1
a: no special abilities


You were on level 5 of the Dungeon.
You visited 2 branches of the dungeon, and saw 6 of its levels.

You collected 225 gold pieces.

Inventory:

Hand Weapons
 a - a +0 war axe (weapon)
Missiles
 x - 5 javelins
Armour
 b - a +0 scale mail (worn)
 c - a +0 buckler (worn)
 j - a +1 pair of gloves (worn)
Jewellery
 s - a +6 ring of intelligence
Talismans
 m - a granite talisman
Wands
 w - a wand of polymorph (6)
Scrolls
 g - 5 scrolls of identify {unknown}
 h - 2 scrolls of enchant armour {unknown}
 i - 2 scrolls of teleportation {unknown}
 l - a scroll of brand weapon {unknown}
 n - a scroll of butterflies {unknown}
 p - 3 scrolls of fog {unknown}
 q - a scroll of noise {unknown}
 r - a scroll of amnesia {unknown}
 u - a scroll of blinking {unknown}
 v - a scroll of enchant weapon {unknown}
Potions
 d - 2 potions of mutation {unknown}
 e - 4 potions of curing {unknown}
 f - 2 potions of haste {unknown}
 k - a potion of lignification {unknown}
 o - 2 potions of attraction {unknown}
 t - 3 potions of heal wounds {unknown}


   Skills:
 * Level 4.2 Fighting
 * Level 5.4 Axes
 * Level 3.9 Armour
 * Level 2.3 Dodging
 + Level 0.1 Stealth
 * Level 3.7 Shields


You had 6 spell levels left.
You didn't know any spells.
Your spell library contained the following spells:

 Spells                   Type           Power      Damage    Failure   Level
 Apportation              Tloc           0%         N/A       85%         1
 Necrotise                Necr           0%         1d4       85%         1
 Summon Small Mammal      Summ           0%         N/A       85%         1
 Lesser Beckoning         Tloc           0%         N/A       94%         2
 Gell's Gravitas          Tloc           0%         N/A       99%         3
 Teleport Other           Tloc           0%         N/A       99%         3


Dungeon Overview and Level Annotations

Branches:
Dungeon (5/15)             Temple (1/1) D:4

Altars:
Cheibriados
Dithmenos
Fedhas
Kikubaaqudgha
Okawaru
Ru
Sif Muna
Trog
Wu Jian
Xom

Shops:
D:2 =   D:5 (


Innate Abilities, Weirdness & Mutations

You have very sharp fingernails.
You are mostly covered in molten scales. (AC +3)
You regenerate a little health from kills.


Message History

You are engulfed in a cloud of soporific spores!
You fall asleep.
The sleepcap barely misses you.
The sleepcap releases spores at you but does no damage.
The sleepcap releases spores at you!
You wake up.
You hit the sleepcap but do no damage.
The sleepcap is severely damaged.
The sleepcap barely misses you.
You slash the sleepcap!
You destroy the sleepcap!
o - 2 bubbling yellow potions (gained 1)
Found a shimmering altar of Xom.
Found 5 javelins.
You see here 5 javelins.
x - 5 javelins
There is a shimmering altar of Xom here.
Found a stone staircase leading down.
Okay, then.
There is a stone staircase leading down here.
An orc warrior, an orc wizard and 2 orcs come into view.
The orc warrior shouts!
The orc wizard shouts!
The orc shouts! x2
The orc warrior hits you with a +0 glaive!
You closely miss the orc warrior.
The orc warrior hits you but does no damage.
You closely miss the orc warrior.
The orc wizard mumbles some strange words.
The orc wizard flickers and vanishes!
Deactivating autopickup; reactivate with Ctrl-A.
The orc warrior hits you with a +0 glaive! x2
You hit the orc warrior.
The orc warrior is lightly wounded.
The orc warrior hits you with a +0 glaive.
You barely miss the orc warrior.
The orc warrior is lightly wounded.
The orc warrior hits you with a +0 glaive!
* * * LOW HITPOINT WARNING * * *
You slash the orc warrior!
The orc warrior is heavily wounded.
The orc warrior hits you with a +0 glaive!
You die...

#.####....∩...
#.# #.#
###...... #.#
#.# #8...<)
#.# #.#
##..)[) .o#
#.# #..... #o#
#.# #.##.. #{#
#.# #....# #o#
#.# ####.. #@#
#.# ###
######.###.#
#..........#
#.......#####
#########
.#.######
#........ ..
#.####### #.#
#.# # #.# #


You could see an orc warrior and 2 orcs.

Vanquished Creatures
  Menkaure (D:4)
  An ogre (D:4)
  A centaur (D:5)
  A jelly (D:4)
  A gnoll bouda (D:5)
  2 sleepcaps
  Natasha (thrice) (D:2)
  An iguana (D:3)
  2 orc wizards
  5 gnolls
  3 adders
  2 worms
  2 dart slugs
  16 orcs
  4 ball pythons (D:2)
  5 bats
  3 endoplasms
  2 giant cockroaches
  9 goblins
  7 hobgoblins
  8 jackals
  5 quokkas
  3 frilled lizards
  8 kobolds
  6 rats
101 creatures vanquished.

Notes
Turn   | Place    | Note
-------+----------+-------------------------------------------
     0 | D:1      | gelatine the Demonspawn Fighter began the quest for the
                  | Orb.
     0 | D:1      | Reached XP level 1. HP: 18/18 MP: 1/1
   303 | D:1      | Gained mutation: You are partially covered in molten
                  | scales. (AC +2) [demonic ancestry]
   303 | D:1      | Reached XP level 2. HP: 24/24 MP: 2/2
   719 | D:2      | Reached skill level 2 in Axes
   719 | D:2      | Gained mutation: You have sharp fingernails. [demonic
                  | ancestry]
   719 | D:2      | Reached XP level 3. HP: 28/29 MP: 3/3
   910 | D:2      | Noticed Natasha
   920 | D:2      | Killed Natasha
   951 | D:2      | Noticed Natasha
   957 | D:2      | Killed Natasha
   958 | D:2      | Gained mutation: You regenerate a little health from kills.
                  | [demonic ancestry]
   958 | D:2      | Reached XP level 4. HP: 12/35 MP: 4/4
  1088 | D:2      | Noticed Natasha
  1098 | D:2      | Killed Natasha
  1099 | D:2      | Reached skill level 1 in Dodging
  1212 | D:2      | Found Diralaum's Jewellery Shoppe.
  1220 | D:2      | Reached skill level 3 in Axes
  1567 | D:3      | Reached XP level 5. HP: 36/41 MP: 5/5
  1812 | D:3      | Found a faded altar of an unknown god.
  2242 | D:3      | Found a sacrificial altar of Ru.
  2390 | D:4      | Noticed Menkaure
  2394 | D:4      | Killed Menkaure
  2394 | D:4      | Noticed an ogre
  2395 | D:4      | Reached skill level 4 in Axes
  2395 | D:4      | Gained mutation: You are mostly covered in molten scales.
                  | (AC +3) [demonic ancestry]
  2395 | D:4      | Reached XP level 6. HP: 40/48 MP: 6/6
  2405 | D:4      | Found a staircase to the Ecumenical Temple.
  2551 | Temple   | Entered the Ecumenical Temple
  2694 | D:4      | Gained mutation: You have very sharp fingernails. [demonic
                  | ancestry]
  2694 | D:4      | Reached XP level 7. HP: 44/54 MP: 7/7
  3277 | D:5      | Entered Level 5 of the Dungeon
  3277 | D:5      | Found Nidghuekk's Weapon Boutique.
  3297 | D:5      | Reached skill level 5 in Axes
  3317 | D:5      | HP: 1/54 [gnoll bouda/+0 whip (7)]
  3709 | D:5      | Found a shimmering altar of Xom.
  3896 | D:5      | Mangled by an orc warrior

Illustrated notes

Levels and vault maps discovered:
D:1:      dpeg_arrival_snail, layout_loops_ring, minmay_small_reverse_x
D:2:      layout_loops_cross, serial_shops, nicolae_diamond_shop, uniq_natasha
D:3:      layout_basic, mainiacjoe_overflow_alcove_4,
          mainiacjoe_overflow_brackets, chequers_ecumenical_altar_simple,
          minmay_misc_feat_room
D:4:      layout_loops_cross, minmay_temple_entry_large_hall,
          nicolae_kite_square_tiling_tiny, uniq_menkaure
D:5:      layout_loops_ring, xom_butterflies, serial_shops,
          nicolae_stop_n_shop_1
Temple:   zaba_magenta_temple

Skill      XL: |  1  2  3  4  5  6  7 |
---------------+----------------------+-----
Shields        | 3 |  3.7
Axes           | 2 3 4 5 |  5.4
Armour         | 3 |  3.9
Dodging        | 1 2 |  2.3
Fighting       | 4 |  4.2
Stealth        | |  0.1

Action                     |  1- 3 |  4- 6 |  7- 9 || total
---------------------------+-------+-------+-------++-------
  Melee: War axe           |    98 |   170 |    78 ||   346
    Use: Potion            |       |       |     1 ||     1
 Armour: Scale mail        |    84 |   134 |    77 ||   295
  Dodge: Dodged            |    50 |    81 |    46 ||   177
  Block: Buckler           |    29 |    36 |    24 ||    89

Table legend: (Time is in decaauts)
 A = Elapsed time spent in this place.
 B = Non-inter-level travel time spent in this place.
 C = Inter-level travel time spent in this place.
 D = Time resting spent in this place.
 E = Time spent auto-exploring this place.
 F = Levels seen in this place.
 G = Mean time per level.
                   A        B        C        D        E       F      G
               +--------+--------+--------+--------+--------+-----+--------+
         Total |   4034 |   3930 |    104 |      0 |   2997 |   6 |  672.3 |
       Dungeon |   3970 |   3866 |    104 |      0 |   2934 |   5 |  794.0 |
        Temple |     64 |     64 |      0 |      0 |     63 |   1 |   64.0 |
               +--------+--------+--------+--------+--------+-----+--------+

Top non-repeatable levels by time:
     D:3: 980 daAuts
     D:2: 883 daAuts
     D:4: 817 daAuts
     D:1: 733 daAuts
     D:5: 554 daAuts
  Temple: 64 daAuts
